AoeStats
← TaintyGuuch

Arena

508038956Analyzed
4v4 RM · 12d ago on Sep 20, 2026· 40m 18s· 8 players
Game mode
Random Map
Map size
Large (8 player)
Population
200
Speed
Normal
Resources
Standard
Victory
Conquest
Starting age
Dark Age
Ending age
Imperial Age
RankedLock teamsTeams togetherTeam positionsShared explorationLock speedFull tech treeHidden civsTurbo modeCheats
Victory
Defeat
🇨🇿 Khmer · Czechia
618
+11
🇦🇷 Wu · Argentina
610
+11
606
+11
592
+12
🇺🇸 Teutons · United States
592
-14
🇺🇸 Khmer · United States
552
-13
🇸🇰 Bulgarians · Slovakia
446
-9
🇺🇸 Huns · United States
432
-9
TaintyGuuch
19:59 Feudal Age
21:16 Wheelbarrow
26:25 Castle Age
24:30 Double-Bit Axe
24:29 Horse Collar
24:55 Gold Mining
24:55 Stone Mining
27:24 Hand Cart
32:45 Heavy Plow
33:25 Gold Shaft Mining
33:25 Stone Shaft Mining
33:04 Bow Saw
43:03 Imperial Age
eberle.9
13:58 Feudal Age
14:24 Arson
14:33 Double-Bit Axe
14:15 Man-at-Arms
14:46 Town Watch
20:42 Scale Mail Armor
20:53 Forging
24:48 Wheelbarrow
30:16 Castle Age
29:23 Gold Mining
29:24 Stone Mining
31:27 Crossbowman
32:11 Padded Archer Armor
32:27 Chain Mail Armor
32:16 Squires
32:57 Bow Saw
35:58 Caravan
Twixxo
3:20 Loom
12:25 Feudal Age
13:42 Wheelbarrow
12:55 Double-Bit Axe
13:05 Horse Collar
14:48 Gold Mining
14:49 Stone Mining
22:43 Castle Age
21:57 Bloodlines
23:22 Forging
23:12 Scale Mail Armor
24:54 Bow Saw
31:45 Pikeman
35:56 Iron Casting
Patricius
1:57 Loom
11:44 Feudal Age
12:08 Horse Collar
12:16 Double-Bit Axe
13:50 Wheelbarrow
15:56 Town Watch
17:48 Gold Mining
18:57 Stone Mining
27:33 Castle Age
26:18 Forging
26:09 Scale Mail Armor
26:03 Fletching
29:08 Hand Cart
28:55 Heavy Plow
29:09 Bow Saw
29:23 Bodkin Arrow
30:06 Iron Casting
29:46 Chain Mail Armor
29:19 Arson
29:35 Squires
29:22 Gambesons
32:07 Ballistics
31:43 Murder Holes
35:38 Imperial Age
35:47 Imperial Age
33:26 Guard Tower
37:03 Crop Rotation
[MIAAU] Gatúbelo Palestinian
9:02 Loom
12:03 Feudal Age
14:05 Wheelbarrow
16:50 Castle Age
14:39 Horse Collar
19:08 Heavy Plow
19:44 Fervor
20:06 Double-Bit Axe
34:06 Town Watch
34:13 Stone Mining
34:15 Gold Mining
39:58 Imperial Age
37:46 Hand Cart
37:46 Bow Saw
38:24 Nomads
愛 (Touhou Project's Version)
0:36 Loom
12:34 Feudal Age
14:30 Double-Bit Axe
15:06 Horse Collar
19:11 Gold Mining
19:13 Stone Mining
20:06 Town Watch
24:03 Wheelbarrow
30:34 Castle Age
31:48 Bloodlines
32:21 Husbandry
32:54 Fletching
33:04 Padded Archer Armor
33:14 Forging
33:09 Scale Barding Armor
34:00 Heavy Plow
34:13 Bow Saw
34:00 Bodkin Arrow
35:37 Stone Shaft Mining
34:49 Gambesons
35:05 Squires
38:10 Ballistics
37:46 Murder Holes
39:23 Iron Casting
39:08 Chain Barding Armor
39:03 Fervor
38:49 Herbal Medicine
39:05 Caravan
39:58 Leather Archer Armor
EXCELSIOR!
0:43 Loom
12:03 Feudal Age
12:30 Double-Bit Axe
13:51 Wheelbarrow
15:18 Wheelbarrow
22:32 Castle Age
20:31 Stone Mining
22:11 Gold Mining
26:07 Hand Cart
28:34 Bow Saw
29:04 Gold Shaft Mining
30:34 Red Cliffs Tactics
31:14 Fletching
31:25 Padded Archer Armor
33:34 Bodkin Arrow
33:55 Leather Archer Armor
34:29 Ballistics
38:51 Imperial Age
41:15 Chemistry
41:36 Two-Man Saw
41:13 Gold Shaft Mining
Notgreat Notterrible
0:28 Loom
13:30 Feudal Age
14:17 Town Watch
16:32 Double-Bit Axe
16:30 Horse Collar
26:43 Castle Age
25:14 Gold Mining
25:17 Stone Mining
27:50 Town Patrol
28:40 Bow Saw
29:08 Stone Shaft Mining
29:11 Gold Shaft Mining
28:39 Heavy Plow
30:49 Crossbowman
41:36 Imperial Age
39:43 Wheelbarrow
Connection lost

Rejoining the realm…

Still unreachable

The connection could not be restored.

Session expired

The server has moved on; the page needs a fresh start.